AoeStats
← nonoleboss

Migration

510185031Analyzed
1v1 RM · 2d ago on Sep 29, 2026· 31m 7s· 2 players
Game mode
Random Map
Map size
132×132
Population
200
Speed
Normal
Resources
Standard
Victory
Conquest
Starting age
Dark Age
Ending age
Imperial Age
RankedLock teamsTeams togetherTeam positionsShared explorationLock speedFull tech treeHidden civsTurbo modeCheats
Victory
Defeat
🇩🇪 Dravidians · Germany
1264
+18
🇫🇷 Portuguese · France
1308
-18
Frodolas
9:53 Loom
12:03 Feudal Age
12:53 Fishing Lines
13:00 Double-Bit Axe
13:07 Gold Mining
17:32 Castle Age
16:17 Fletching
18:45 Medium Warships
19:03 Bodkin Arrow
19:26 Bow Saw
21:31 Careening
21:35 Clinker Construction
22:09 Siphons
23:48 Gillnets
24:13 Town Watch
26:21 Stone Mining
26:13 Horse Collar
31:11 Imperial Age
29:17 Wheelbarrow
30:50 Hand Cart
nonoleboss
14:10 Feudal Age
18:02 Castle Age
15:55 Double-Bit Axe
16:23 Fletching
16:22 Fishing Lines
19:04 Medium Warships
18:51 Bodkin Arrow
20:40 Ballistics
20:35 Clinker Construction
21:28 Careening
22:05 Gillnets
26:28 Forging
27:29 Loom
30:08 Loom
33:59 Imperial Age
Connection lost

Rejoining the realm…

Still unreachable

The connection could not be restored.

Session expired

The server has moved on; the page needs a fresh start.